 Dungeon Crawl Stone Soup version 0.27-a0-1200-g94dc6ad4cf (webtiles) character file.

Game seed: 1896282648963518160

3 Lanoc the Grave Robber (level 1, 0/16 HPs)
             Began as a Troll Necromancer on May 31, 2021.
             Frozen to death by an endoplasm (3 damage)
             ... on level 1 of the Dungeon.
             The game lasted 00:00:10 (25 turns).

Lanoc the Grave Robber (Troll Necromancer)            Turns: 25, Time: 00:00:11

Health: 0/16       AC:  4    Str: 15    XL:     1   Next: 41%
Magic:  1/1        EV:  9    Int: 11    God:
Gold:   0          SH:  0    Dex: 10    Spells: 1/2 levels left

rFire    . . .     SeeInvis .   (no weapon)
rCold    . . .     Faith    .   (no shield)
rNeg     . . .     Spirit   .   a - +0 robe
rPois    .         Reflect  .   (helmet restricted)
rElec    .         Harm     .   (no cloak)
rCorr    .         Rampage  .   (gloves unavailable)
Will     .....                  (boots unavailable)
Stlth    +.........             (no amulet)
HPRegen  1.05/turn              (no ring)
MPRegen  0.07/turn              (no ring)

@: no status effects
A: large, unfitting armour, claws 3, regeneration 1, shaggy fur 1, tough skin 1
a: no special abilities


You were on level 1 of the Dungeon.
You visited 1 branch of the dungeon, and saw 1 of its levels.

Inventory:

Armour
 a - a +0 robe (worn)


   Skills:
 + Level 0.1 Fighting
 + Level 1.6 Dodging
 - Level 1.0 Stealth
 - Level 1.2 Spellcasting
 * Level 3.3 Necromancy


You had one spell level left.
You knew the following spells:

 Your Spells              Type           Power      Damage    Failure   Level
a - Pain                  Necr           32%        1d5       8%          1

Your spell library contained the following spells:

 Spells                   Type           Power      Damage    Failure   Level
 Animate Skeleton         Necr           16%        N/A       8%          1
 Vampiric Draining        Necr           4%         2d6       24%         3
 Animate Dead             Necr           4%         N/A       61%         4
 Agony                    Necr           8%         N/A       91%         5


Dungeon Overview and Level Annotations

Branches:
Dungeon (1/15)

Altars:


Innate Abilities, Weirdness & Mutations

You are too large for most types of armour.
You have claws for hands.
Your natural rate of healing is unusually fast.
You are covered in fur. (AC +1)
You have tough skin. (AC +1)


Message History

An endoplasm comes into view.
Things that are here:
a +0 club; a goblin corpse The hobgoblin shouts!
You scratch the hobgoblin.
You kill the hobgoblin!
The ball python bites you but does no damage.
A hobgoblin comes into view.
You closely miss the ball python. The ball python bites you.
You closely miss the hobgoblin. The ball python bites you.
You scratch the hobgoblin.
You kill the hobgoblin!
The ball python bites you but does no damage.
The hobgoblin closely misses you.
You barely miss the hobgoblin. The ball python closely misses you.
The hobgoblin hits you. The ball python bites you.
You scratch the hobgoblin.
The hobgoblin is almost dead.
The hobgoblin hits you. The ball python misses you.
You closely miss the hobgoblin.
The hobgoblin is almost dead.
The hobgoblin hits you but does no damage.
The ball python bites you. The endoplasm hits you.
You are too injured to fight recklessly!
You are too injured to fight recklessly!
You are too injured to fight recklessly!
You closely miss the hobgoblin.
The hobgoblin is almost dead.
The hobgoblin hits you. The ball python bites you. The endoplasm freezes you.
You are frozen.
* * * LOW HITPOINT WARNING * * *
You barely miss the hobgoblin.
The hobgoblin is almost dead.
The ball python bites you.
* * * LOW HITPOINT WARNING * * *
The hobgoblin barely misses you. The endoplasm freezes you.
You are frozen.
You die...

#.#......#
#........#
##.#....## #
#......# #.
##....## .
#..####''####..
#..............
#.......J......
..##...@g......
####=S......
#.######. ...
... ..... .....
.......


You could see an endoplasm, a hobgoblin and a ball python.

Vanquished Creatures
  2 hobgoblins (D:1)
  A goblin (D:1)
3 creatures vanquished.

Notes
Turn   | Place    | Note
-------+----------+-------------------------------------------
     0 | D:1      | Lanoc the Troll Necromancer began the quest for the Orb.
     0 | D:1      | Reached XP level 1. HP: 16/16 MP: 1/1
    25 | D:1      | Frozen to death by an endoplasm

Illustrated notes

Levels and vault maps discovered:
D:1:      dpeg_arrival_refuge, layout_rooms, hellmonk_ecumenical_altar_lost_god,
          serial_glass, glass_columns_a, glass_columns_c, serial_shops, shop,
          minmay_misc_feat_encased, corexii_corridor_pit, minmay_tetromino_s4

Action                   || total
-------------------------++-------
Melee: Unarmed           ||    11
Armor: Robe              ||     5
Dodge: Dodged            ||     4

Table legend: (Time is in decaauts)
 A = Elapsed time spent in this place.
 B = Non-inter-level travel time spent in this place.
 C = Inter-level travel time spent in this place.
 D = Time resting spent in this place.
 E = Time spent auto-exploring this place.
 F = Levels seen in this place.
 G = Mean time per level.
                   A        B        C        D        E       F      G
               +--------+--------+--------+--------+--------+-----+--------+
         Total |     25 |     25 |      0 |      0 |     10 |   1 |   25.0 |
       Dungeon |     25 |     25 |      0 |      0 |     10 |   1 |   25.0 |
               +--------+--------+--------+--------+--------+-----+--------+

Top non-repeatable levels by time:
     D:1: 25 daAuts
